 Dungeon Crawl Stone Soup version 0.17-a0-1435-geafbe2f (webtiles) character file.

138 nubinia the Grasshopper (level 5, 34/34 HPs)
             Began as a Halfling Warper on June 26, 2015.
             Quit the game on level 4 of the Dungeon.
             The game lasted 00:18:41 (3651 turns).

nubinia the Grasshopper (Halfling Warper)           Turns: 3651, Time: 00:18:42

Health: 34/34      AC:  5    Str: 11    XL:     5   Next: 45%
Magic:  8/8        EV: 15    Int: 13    God:
Gold:   146        SH:  0    Dex: 14    Spells: 3 memorised, 3 levels left

rFire  . . .     SeeInvis +     a - +0 short sword
rCold  . . .     Clarity  .     m - +2 animal skin
rNeg   + . .     SustAt   .     (shield restricted)
rPois  .         Gourm    .     (no helmet)
rElec  .         Spirit   .     (no cloak)
rCorr  .         Warding  +     (no gloves)
rMut   .         Stasis   .     B - +0 pair of boots
MR     .....                    r - amulet of warding
Stlth  ++........               (no ring)
                                l - ring of see invisible

@: not resistant to hostile enchantments, unstealthy
A: mutation resistance 1
a: no special abilities


You were on level 4 of the Dungeon.
You were hungry.

You visited 1 branch of the dungeon, and saw 4 of its levels.

You collected 146 gold pieces.

Inventory:

Hand weapons
 a - a +0 short sword (weapon)
 b - a +1 hunting sling
Missiles
 e - 5 tomahawks of dispersal (quivered)
 o - 69 stones
 u - 6 sling bullets
Armour
 h - a +1 leather armour
 m - a +2 animal skin (worn)
 B - a +0 pair of boots (worn)
Jewellery
 l - a ring of see invisible (left hand)
 r - an amulet of warding (around neck)
 s - an uncursed ring of protection from fire {unknown}
 w - a cursed -2 ring of intelligence {unknown}
 y - an uncursed ring of fire {unknown}
 C - a +3 ring of intelligence {unknown}
Scrolls
 d - a scroll of blinking
 j - 3 scrolls of magic mapping
 x - a scroll of enchant armour
Potions
 g - a potion of heal wounds
 k - a potion of mutation {unknown}
 p - a potion of agility
 q - a potion of resistance {unknown}
 t - a potion of poison {unknown}
 v - a potion of might {unknown}
 z - a potion of curing
 D - a potion of lignification {unknown}
Books
 c - a book of Spatial Translocations

   Spells                             Type                      Level
   a - Apportation                    Translocation                1
   b - Blink                          Translocation                2
   c - Shroud of Golubria             Charms/Translocation         2
   d - Portal Projectile              Translocation                3
   e - Teleport Other                 Translocation                3
   f - Passage of Golubria            Translocation                4
Comestibles
 f - 4 bread rations
 i - 4 fruits
 n - a beef jerky


   Skills:
 + Level 2.1 Fighting
 + Level 3.0 Short Blades
 + Level 0.8(1.3) Slings
 + Level 1.3(1.5) Throwing
 + Level 1.8 Armour
 + Level 3.2 Dodging
 + Level 1.6 Stealth
 + Level 2.1 Spellcasting
 * Level 1.3 Charms
 + Level 4.0 Translocations


You had 3 spell levels left.
You knew the following spells:

 Your Spells              Type           Power        Failure   Level  Hunger
a - Apportation           Tloc           ##........   6%          1    ##.....
c - Blink                 Tloc           N/A          10%         2    ###....
g - Shroud of Golubria    Chrm/Tloc      #.........   14%         2    ###....


Dungeon Overview and Level Annotations

Branches:
Dungeon (4/15)
 Temple: D:4-7

Altars:
Makhleb
Yredelemnul

Annotations:
D:2 Sigmund
D:3 Grinder


Innate Abilities, Weirdness & Mutations

You are small and have problems with some larger weapons.
You are somewhat resistant to further mutation.


Message History

Eat which item? (? for menu, Esc to quit)
Okay, then.
You see here 23 arrows.
You see here a dagger.
There is a stone staircase leading down here.
You start resting.
You climb downwards.
Level annotation: Grinder
There is a stone staircase leading up here.
There is a stone staircase leading down here.
You start resting.
HP restored.
You climb downwards.
There is a stone staircase leading up here.
A bat skeleton comes into view.
The bat skeleton moves out of view.
Saving game... please wait.
Welcome back, nubinia the Halfling Warper.
Press ? for a list of commands and other information.
Are you sure you want to abandon this character and quit the game? (Confirm with "yes".)

#####...........# #.#+#
#...............####....
#........#+###+#....#...
#........+...#.'....'...
#........#[..'.#....#..#
#........#<.##'#....#..#
#....##+##..##.###'##...
#....#>.....+...#<>#...#
#....'.@....#...#..+...#
#....#..###+##..+..#....
#....#'###..##+###o##...
#....#..##..##(.##o##..#
#....#.........o...###'#
#....#..###+##.###+#....
#....#(.##(.##.###.#....
##....#(..(..'o(+...'....
(....o'.รท###o##o##..#....


There were no monsters in sight!

Vanquished Creatures
  Natasha (D:4)
  Robin (D:2)
  3 adders
  2 worms (D:2)
  5 orcs
  6 hobgoblins
  7 jackals
  5 bats
  4 giant cockroaches
  2 giant geckos
  3 giant newts
  14 goblins
  7 kobolds
  7 rats
67 creatures vanquished.

Notes
Turn   | Place    | Note
--------------------------------------------------------------
     0 | D:1      | nubinia the Halfling Warper began the quest for the Orb.
     0 | D:1      | Reached XP level 1. HP: 14/14 MP: 3/3
   222 | D:1      | Reached XP level 2. HP: 19/19 MP: 4/4
   226 | D:1      | Learned a level 2 spell: Shroud of Golubria
   935 | D:2      | Reached XP level 3. HP: 24/24 MP: 5/5
   975 | D:2      | Reached skill level 4 in Translocations
  1132 | D:2      | Learned a level 2 spell: Blink
  1153 | D:2      | Reached skill level 1 in Stealth
  1501 | D:1      | Reached XP level 4. HP: 20/29 MP: 3/6
  1630 | D:2      | Reached skill level 1 in Charms
  1868 | D:2      | Noticed Robin
  1920 | D:2      | Killed Robin
  2326 | D:3      | Reached XP level 5. HP: 34/34 MP: 7/7
  2518 | D:3      | Noticed Grinder
  2568 | D:4      | Found a basalt altar of Yredelemnul.
  2592 | D:4      | Noticed Natasha
  2615 | D:4      | HP: 1/34 [Natasha (5)]
  2619 | D:4      | Killed Natasha
  2867 | D:3      | Noticed Sigmund
  3115 | D:3      | Found a burning altar of Makhleb.
  3186 | D:3      | Noticed a phantom
  3651 | D:4      | Quit the game

Vault maps used:
D:1:      minmay_arrival_wavy_path
D:2:      kennysheep_generic_room_9, uniq_robin
D:3:      nicolae_overflow_hidden_temple, minivault_19, uniq_sigmund,
          uniq_grinder
D:4:      grunt_temple_overflow_bloody_war, kennysheep_little_box, first_bread,
          nemelex_lonely_heart_becter, uniq_natasha

Action                   |  1- 3 |  4- 6 || total
-------------------------+-------+-------++-------
Melee: Short sword       |   138 |   160 ||   298
 Fire: Hunting sling     |       |    27 ||    27
 Cast: Shroud of Golubri |     4 |     7 ||    11
  Use: Scroll            |     6 |     4 ||    10
       Potion            |     1 |     1 ||     2
 Stab: Sleeping          |     3 |     1 ||     4
  Eat: Chunk             |     2 |     7 ||     9
